 Dungeon Crawl Stone Soup version 0.28.0-53-g5a82cb258f (webtiles) character file.

Game seed: 509805898393467591

119 cbfl8 the Skirmisher (level 5, -3/47 HPs)
             Began as a Hill Orc Fighter on Sept 12, 2022.
             Was an Initiate of Beogh.
             Killed by divine providence
             ... invoked by an orc priest
              (14 damage)
             ... on level 3 of the Dungeon.
             The game lasted 00:02:27 (2142 turns).

cbfl8 the Skirmisher (Hill Orc Fighter)             Turns: 2142, Time: 00:02:29

Health: -3/47      AC: 12    Str: 19    XL:     5   Next: 3%
Magic:  5/5        EV:  9    Int:  8    God:    Beogh [......]
Gold:   106        SH:  4    Dex: 12    Spells: 4/4 levels left

rFire   . . .      SeeInvis .   a - +0 war axe
rCold   . . .      Faith    .   c - +0 buckler
rNeg    . . .      Spirit   .   b - +0 scale mail
rPois   .          Reflect  .   n - +0 helmet
rElec   .          Harm     .   (no cloak)
rCorr   .          Rampage  .   (no gloves)
Will    .....                   (no boots)
Stlth   ..........              (no amulet)
HPRegen 0.15/turn               k - +4 ring of protection
MPRegen 0.09/turn               (no ring)

@: no status effects
A: no striking features
a: Renounce Religion


You were on level 3 of the Dungeon.
You worshipped Beogh.
Beogh was noncommittal.
You visited 1 branch of the dungeon, and saw 3 of its levels.

You collected 106 gold pieces.

Inventory:

Hand Weapons
 a - a +0 war axe (weapon)
Missiles
 p - a throwing net (quivered)
Armour
 b - a +0 scale mail (worn)
 c - a +0 buckler (worn)
 n - a +0 helmet (worn)
Jewellery
 k - a +4 ring of protection (left hand)
Scrolls
 e - a scroll of holy word
 g - a scroll of teleportation {unknown}
 h - a scroll of noise {unknown}
 i - a scroll of enchant armour {unknown}
 l - 3 scrolls of identify {unknown}
 m - a scroll of enchant weapon {unknown}
 o - 2 scrolls of immolation
Potions
 d - 2 potions of flight {unknown}
 f - a potion of curing {unknown}
 j - a potion of resistance


   Skills:
 * Level 4.4 Fighting
 * Level 4.4 Axes
 + Level 3.8 Armour
 * Level 0.8 Dodging
 + Level 3.7 Shields
 * Level 1.0 Evocations


You had 4 spell levels left.
You didn't know any spells.
Your spell library was empty.

Dungeon Overview and Level Annotations

Branches:
Dungeon (3/15)

Altars:
Ashenzari
Ru


Message History

No target in view!
Found a stone staircase leading down.
No target in view!
There is an open door here.
You open the large door. 2 orcs and an orc priest come into view.
The orc shouts! x2; You hear a shout!
You hear an angry hiss.
You hear a bark!
An orc priest comes into view. It is wielding a +0 whip.
Found a scroll labelled MIDISO FUYSM, a rapier and a grey potion.
An orc comes into view. It is wielding a +0 morningstar.
The orc shouts!
The orc priest calls down the wrath of Beogh upon you.
Beogh smites you!
There is a large open door here.
There are monsters nearby!
An iguana and a hobgoblin come into view.
The iguana hisses angrily.
The hobgoblin shouts!
The orc hits you but does no damage.
There are monsters nearby!
You barely miss the orc priest. You hit the orc but do no damage.
You slash the orc!
You kill the orc!
Beogh accepts your kill.
A jackal comes into view.
The orc priest hits you but does no damage. x2
The orc hits you from afar with a +0 trident!
You block the orc's attack. The orc priest hits you with a +0 whip.
The orc priest mumbles some strange prayers to Beogh against you.
Beogh smites you!
* * * LOW HITPOINT WARNING * * *
Your Evocations skill increases to level 1!
Okay, then.
As you read the scroll labelled GIP ZUGOECZAHI, it crumbles to dust.
You speak a Word of immense power!
It was a scroll of holy word.
The orc misses you. The orc hits you but does no damage.
The orc priest miscasts a cantrip.
The orc priest mumbles some strange prayers to Beogh against you.
Beogh smites you!
You die...
Beogh appreciates the orc priest's killing of a heretic priest.

###.### #.#### ...#
######...# #.....
....##.....##.### ######
.....##..<.##...## #
......##...####..## #
.......##..#####..## #
........#..........#####
..h.?ooo#..######.......
...l..)@#..# ###...#.
....go..'..# #.####
........'..# #.# ##
........#.####### #.# #.
........#.......###.###.
........##..............
.......########...#.....
....).##.#####..#...#.#.
...!##..#.....###......


You could see an iguana, 2 orc priests, 2 orcs, a jackal and a hobgoblin.

Vanquished Creatures
  Robin (D:2)
  4 adders
  An orc (D:3)
  2 endoplasms (D:1)
  2 giant cockroaches
  12 goblins
  12 hobgoblins
  4 jackals (D:1)
  2 quokkas
  4 ball pythons
  8 bats
  4 frilled lizards
  4 kobolds
  5 rats
65 creatures vanquished.

Vanquished Creatures (others)
  An adder (D:3)
  An orc (D:3)
  6 plants (D:1)
8 creatures vanquished.

Grand Total: 73 creatures vanquished

Notes
Turn   | Place    | Note
-------+----------+-------------------------------------------
     0 | D:1      | cbfl8 the Hill Orc Fighter began the quest for the Orb.
     0 | D:1      | Reached XP level 1. HP: 19/19 MP: 1/1
    74 | D:1      | Reached XP level 2. HP: 23/27 MP: 2/2
   437 | D:1      | Reached XP level 3. HP: 33/33 MP: 3/3
   868 | D:2      | Noticed Robin
   928 | D:2      | Killed Robin
   929 | D:2      | Reached XP level 4. HP: 21/41 MP: 4/4
  1445 | D:2      | Found a sacrificial altar of Ru.
  1782 | D:3      | Became a worshipper of Beogh the Brigand
  1908 | D:3      | Found a faded altar of an unknown god.
  1914 | D:3      | Reached XP level 5. HP: 46/47 MP: 5/5
  2080 | D:3      | Found a faded altar of an unknown god.
  2084 | D:3      | Found a broken altar of Ashenzari.
  2142 | D:3      | Reached skill level 1 in Evocations
  2142 | D:3      | Killed from afar by an orc priest

Illustrated notes

Levels and vault maps discovered:
D:1:      mrwooster_arrival_statue, layout_loops_cross, serial_forest,
          infiniplex_forest_corner_1, infiniplex_forest_zigzag_1,
          infiniplex_forest_clump_cross, infiniplex_forest_clump_curved
D:2:      layout_basic, basic_altar, uniq_robin
D:3:      kennysheep_big_flooded_room, layout_rooms,
          nicolae_overflow_ecumenical_swirl, hellmonk_ecumenical_altar_blasted

Skill      XL: |  1  2  3  4  5 |
---------------+----------------+-----
Fighting       | 4 |  4.4
Axes           | 3 4 |  4.4
Evocations     | 1 |  1.0
Armour         | |  3.8
Dodging        | |  0.8
Shields        | |  3.7

Action                   |  1- 3 |  4- 6 || total
-------------------------+-------+-------++-------
Melee: War axe           |    87 |    69 ||   156
Invok: Convert to Beogh  |       |     1 ||     1
  Use: Potion            |     1 |       ||     1
       Scroll            |       |     1 ||     1
Armor: Scale mail        |    69 |    36 ||   105
Dodge: Dodged            |    56 |    36 ||    92
Block: Buckler           |    27 |    17 ||    44
